 Dungeon Crawl Stone Soup version 0.25-a0-185-g6cfeca75b2 (webtiles) character file.

Game seed: 8829671018953919288, levelgen mode: deterministic

780 RobertDufert the Ruffian (level 7, -5/47 HPs)
             Began as a Pale Draconian Transmuter on Nov 28, 2019.
             Was a Follower of Hepliaklqana.
             Slain by a wight
             ... wielding a +5 long sword of freezing
              (6 damage)
             ... on level 6 of the Dungeon.
             The game lasted 00:26:34 (5601 turns).

RobertDufert the Ruffian (DrTm)                     Turns: 5601, Time: 00:26:39

Health: -5/47      AC:  2    Str: 13    XL:     7   Next: 55%
Magic:  8/11       EV: 21    Int: 14    God:    Hepliaklqana [*.....]
Gold:   191        SH:  0    Dex: 17    Spells: 7/12 levels left

rFire    . . .     SeeInvis .     - Unarmed
rCold    . . .     Gourm    .   (shield currently unavailable)
rNeg     . . .     Faith    .   (armour unavailable)
rPois    .         Spirit   .   (helmet currently unavailable)
rElec    .         Reflect  .   (cloak currently unavailable)
rCorr    +         Harm     .   (gloves currently unavailable)
MR       .....                  (boots currently unavailable)
Stlth    ++........             (no amulet)
HPRegen  0.15/turn              h - ring of resist corrosion
MPRegen  0.12/turn              i - ring of poison resistance

@: spider-form, drained
A: tiny, (breathe steam), unfitting armour, reduced essence, AC +6
a: End Transformation, Recall Ancestor, Ancestor Identity, Renounce Religion


You were on level 6 of the Dungeon.
You worshipped Hepliaklqana.
Hepliaklqana was aware of your devotion.
You were not hungry.
You were a venomous arachnid creature.
You visited 1 branch of the dungeon, and saw 6 of its levels.

You collected 191 gold pieces.

Inventory:

Missiles
 a - 28 arrows
Armour
 b - a +2 cloak (melded)
 k - a +1 pair of gloves (melded)
 m - a +0 pair of boots (melded)
Jewellery
 h - a ring of resist corrosion (left front leg)
 i - a ring of poison resistance (right front leg)
Wands
 j - a wand of flame (20)
 o - a wand of acid (5)
Scrolls
 g - a scroll of remove curse
 l - 2 scrolls of magic mapping
 n - a scroll of identify
Potions
 d - a potion of might
 e - 2 potions of brilliance
 f - a potion of curing
Comestibles
 c - 4 rations


   Skills:
 + Level 1.9(1.3) Fighting
 + Level 3.6(3.0) Dodging
 + Level 7.1(6.4) Unarmed Combat
 + Level 3.3(2.6) Spellcasting
 + Level 3.0(2.4) Transmutations
 + Level 0.2(0.0) Evocations


You had 7 spell levels left.
You knew the following spells:

 Your Spells              Type           Power        Failure   Level  Hunger
a - Sticks to Snakes      Tmut           #.......     28%         2    ###....
b - Spider Form           Tmut/Pois      #.........   61%         3    ###....

Your spell library contained the following spells:

 Spells                   Type           Power        Failure   Level  Hunger
 Beastly Appendage        Tmut           #.....       22%         1    #......
 Ice Form                 Ice/Tmut       #.......     92%         4    #####..
 Blade Hands              Tmut           #.........   98%         5    ######.


Dungeon Overview and Level Annotations

Branches:
Dungeon (6/15)             Temple (0/1) D:6

Altars:
Fedhas
Hepliaklqana
Kikubaaqudgha
Nemelex Xobeh
Okawaru
Ru
Vehumet
Xom
Zin
The Shining One

Annotations:
D:6 2 transporters, junkhipster's ghost, amateur FoFi


Innate Abilities, Weirdness & Mutations

((You can breathe blasts of scalding, opaque steam.))
((Your pale cyan-grey scales are hard. (AC +6)))
You cannot fit into any form of body armour.
((You are cold-blooded and may be slowed by cold attacks.))
Your life essence is reduced to manifest your ancestor. (-10% HP)


Message History

Confirm with . or Enter, or press ? or * to list all spells.
You turn into a venomous arachnid creature.
Your +2 cloak melds into your body.
Your +1 pair of gloves melds into your body.
Your +0 pair of boots melds into your body.
The wight hits you with a +5 long sword of freezing!
The wight freezes you.
* * * LOW HITPOINT WARNING * * *
Namzu hits the wight.
You hit the wight but do no damage.
The wight is severely damaged.
The wight misses you.
Namzu hits the wight.
Namzu closely misses the wight.
You hit the wight but do no damage.
The wight is severely damaged.
You feel yourself speed up. The wight completely misses you.
Namzu completely misses the wight.
The wight hits you with a +5 long sword of freezing!
* * * LOW HITPOINT WARNING * * *
You feel drained.
You die...

#.#.# #.##.#
#.##.... #.#.#
#....# #.##.###
#.#.# ####.#
#.##†# #.#.# #.#
#.### #.#.# #.#
#>... #.#.# #.#
#####
#.#.########.###
#...<.zR........
###.###s####.###
#.# #.# #z# #.#
#z# #.# #.# #.#
#z# #.# #.###.##
#......#
#####..#


You could see the friendly Namzu the ancestor and a wight.

Vanquished Creatures
  An orc warrior (D:6)
  A crocodile (D:5)
  A centaur (D:6)
  2 wights (D:6)
  A crimson imp (D:6)
  A jelly (D:6)
  An orc wizard (D:5)
  A hound (D:6)
  An iguana (D:4)
  Terence (D:3)
  2 worker ants (D:4)
  4 gnolls (D:3)
  5 adders
  A shadow imp (D:4)
  6 worms
  A dart slug (D:2)
  5 leopard geckos
  10 orcs
  A ball python (D:1)
  9 bats
  4 giant cockroaches
  4 goblins
  2 hobgoblins
  8 jackals
  4 quokkas
  3 frilled lizards
  5 kobolds
  A leopard gecko zombie (D:6)
  A quokka skeleton (D:4)
  10 rats
97 creatures vanquished.

Vanquished Creatures (collateral kills)
  An orc wizard (D:5)
  A hound zombie (D:6)
  9 orcs
  3 jackals (D:4)
  2 bats (D:2)
  A kobold (D:2)
  A rat (D:2)
18 creatures vanquished.

Vanquished Creatures (others)
  4 ancestors
4 creatures vanquished.

Grand Total: 119 creatures vanquished

Notes
Turn   | Place    | Note
-------+----------+-------------------------------------------
     0 | D:1      | RobertDufert the Draconian Transmuter began the quest for
                  | the Orb.
     0 | D:1      | Reached XP level 1. HP: 16/16 MP: 3/3
   305 | D:1      | Reached XP level 2. HP: 23/23 MP: 5/5
   312 | D:1      | Learned a level 2 spell: Sticks to Snakes
   692 | D:2      | Reached XP level 3. HP: 25/28 MP: 3/6
   985 | D:2      | Reached skill level 4 in Unarmed Combat
  1092 | D:2      | Reached XP level 4. HP: 17/35 MP: 7/7
  1592 | D:3      | Learned a level 3 spell: Spider Form
  1597 | D:3      | Noticed Terence
  1605 | D:3      | Killed Terence
  1882 | D:3      | Found an ancient bone altar of Kikubaaqudgha.
  1967 | D:3      | Reached XP level 5. HP: 30/40 MP: 8/8
  2047 | D:3      | Found a glowing golden altar of the Shining One.
  2392 | D:3      | Found a hazy altar of Hepliaklqana.
  2417 | D:3      | Became a worshipper of Hepliaklqana the Forgotten
  2451 | D:3      | Found an iron altar of Okawaru.
  2956 | D:4      | Reached skill level 5 in Unarmed Combat
  2990 | D:4      | Found a radiant altar of Vehumet.
  3539 | D:4      | Found a shimmering altar of Xom.
  3759 | D:4      | Found a sacrificial altar of Ru.
  3825 | D:4      | Reached XP level 6. HP: 36/43 MP: 10/10
  4193 | D:5      | Entered Level 5 of the Dungeon
  4263 | D:5      | Found a sparkling altar of Nemelex Xobeh.
  4511 | D:5      | Reached skill level 6 in Unarmed Combat
  4602 | D:5      | Found a glowing silver altar of Zin.
  4741 | D:5      | Reached * piety under Hepliaklqana
  4894 | D:5      | Noticed an ice beast
  4961 | D:6      | Found a transporter.
  4961 | D:6      | Found a staircase to the Ecumenical Temple.
  4961 | D:6      | Noticed junkhipster's ghost (amateur FoFi)
  4964 | D:6      | Noticed a vampire mosquito
  4989 | D:6      | Found a transporter.
  5025 | D:6      | Found a blossoming altar of Fedhas.
  5171 | D:6      | Your scales start taking on a pale cyan-grey colour.
  5171 | D:6      | Reached XP level 7. HP: 46/47 MP: 11/11
  5590 | D:6      | Reached skill level 7 in Unarmed Combat
  5601 | D:6      | HP: 1/47 [wight/+5 long sword of freezing (14)]
  5601 | D:6      | Slain by a wight

Levels and vault maps discovered:
D:1:      evilmike_arrival_run_for_it, layout_basic
D:2:      layout_basic, first_ration
D:3:      layout_basic, lemuel_round_altar, lemuel_round_altar,
          lemuel_round_altar, tso_oasis_becter, uniq_terence
D:4:      layout_basic, nicolae_ru_sacrificial_ziggurat, marbit_many_paths,
          vehumet_altar_wand_db, serial_bayou_pond_d
D:5:      layout_rooms, zin_statuary, nicolae_overflow_crystal_walls,
          serial_co_window_serial, co_window_cross_1,
          co_window_of_opportunity_a, co_window_corner_a, co_window_paths_a,
          co_window_corner_a, co_window_paths_b, co_window_paths_c,
          co_window_paths_c, co_window_unsneaky_path_b, co_window_broadway_b,
          co_window_4corner_b, co_window_4corner_a, glass_columns_a,
          glass_columns_b, glass_columns_c
D:6:      layout_loops_ring, lemuel_doored_altar, minmay_temple_entry_trees,
          gammafunk_ghost_arena

Skill      XL: |  1  2  3  4  5  6  7 |
---------------+----------------------+-----
Dodging        | 2 3 |  3.6
Unarmed Combat | 4 5 6 7 |  7.1
Spellcasting   | 3 |  3.3
Transmutations | 3 |  3.0
Fighting       | |  1.9
Evocations     | |  0.2

Action                   |  1- 3 |  4- 6 |  7- 9 || total
-------------------------+-------+-------+-------++-------
Melee: Unarmed           |   138 |   232 |    50 ||   420
       Tailslap          |    13 |    29 |     5 ||    47
       Punch             |       |     8 |     1 ||     9
 Cast: Sticks to Snakes  |     2 |    15 |       ||    17
       Spider Form       |       |       |     1 ||     1
Invok: Ancestor Identity |       |       |     1 ||     1
Evoke: Wand              |       |       |     3 ||     3
  Use: Scroll            |     2 |     5 |       ||     7
       Potion            |     3 |     5 |       ||     8
 Stab: Sleeping          |       |     3 |       ||     3
       Distracted        |       |     2 |       ||     2
  Eat: Chunk             |       |    10 |       ||    10
       Ration            |       |     2 |       ||     2
Armor: Skin              |    80 |    59 |    11 ||   150
Dodge: Dodged            |   102 |   122 |    22 ||   246

Table legend:
 A = Non-vault XP
 B = Vault XP
 C = Vault XP percentage of total XP
 D = Non-vault monster count
 E = Vault monster count
 F = Vault count percentage of total count
                 A         B        C        D         E       F
            +---------+---------+-------+---------+---------+-------
      Total |    1074 |      41 |   3.7 |     112 |       3 |   2.6
            +---------+---------+-------+---------+---------+-------
        D:1 |      14 |       5 |  26.3 |       9 |       1 |  10.0
        D:2 |      84 |       0 |   0.0 |      28 |       0 |   0.0
        D:3 |     119 |      34 |  22.2 |      26 |       1 |   3.7
        D:4 |     158 |       2 |   1.2 |      20 |       1 |   4.8
        D:5 |     186 |       0 |   0.0 |      12 |       0 |   0.0
        D:6 |     513 |       0 |   0.0 |      17 |       0 |   0.0
            +---------+---------+-------+---------+---------+-------
